Map: 애씨드 플랜트 - 래더

Players

Rogue

  • Race: Zerg Zerg
  • Spawn Location: 11:00

liquidthermy (uThermal) - Winner!

  • Race: Terran Terran
  • Spawn Location: 5:00

Event: HomeStory Cup XVIII

VOD

Have the link to the VOD?

Description

Time

  • Played on: Nov. 22, 2018, 8:38 a.m.
  • Length: 6:24

All games in this series

Show
View Real Time Build Order
Export as new Build Order

Rogue Zerg 

Build Orders: Hatch First 

Get SALT Encoding   

  12  0:00  Drone  
  13  0:13  Overlord  
  13  0:16  Drone  
  14  0:31  Drone x2  
  16  0:48  Hatchery  
  15  0:51  Drone  
  15  0:55  Drone  
  17  0:58  Drone  
  18  1:09  Extractor  
  17  1:13  Spawning Pool  
  17  1:17  Drone  
  17  1:20  Drone  
  18  1:29  Drone  
  19  1:40  Overlord  
  19  1:50  Drone  
  20  2:00  Queen x2  
  25  2:01  Zergling x4  
  26  2:11  Metabolic Boost  
  26  2:12  Drone  
  26  2:14  Drone  
  28  2:33  Spore Crawler  
  27  2:37  Hatchery  
  27  2:40  Drone x2  
  27  2:41  Drone  
  27  2:43  Drone  
  30  2:46  Drone  
  30  2:49  Drone  
  32  2:56  Queen  
  34  3:02  Overlord  
  34  3:07  Drone x2  
  36  3:21  Drone x5  
  41  3:28  Overlord  
  41  3:30  Drone  
  41  3:32  Queen  
  44  3:43  Overlord  
  44  3:48  Zergling x4  
  46  3:49  Drone x3  
  46  3:50  Drone  
  46  3:53  Lair  
  50  3:56  Drone  
  50  3:59  Queen, Drone  
  54  4:04  Drone x2  
  56  4:11  Spore Crawler  
  56  4:13  Overlord  
  56  4:14  Queen  
  57  4:17  Extractor  
  57  4:18  Extractor, Drone x2  
  57  4:23  Baneling Nest  
  56  4:24  Zergling x2  
  56  4:25  Zergling x2  
  56  4:27  Overlord  
  58  4:31  Drone  
  58  4:32  Drone x2  
  58  4:33  Drone  
  58  4:36  Spore Crawler  
  61  4:40  Spore Crawler  
  61  4:45  Drone x4  
  62  4:50  Drone x2  
  65  4:56  Zergling x2  
  65  4:57  Zergling x6  
  65  4:59  Overlord  
  68  5:07  Baneling x9  
  68  5:13  Overseer  
  62  5:16  Drone  
  62  5:19  Drone  
  62  5:20  Drone x5  
  61  5:29  Queen  
  61  5:32  Zergling x4  
  61  5:33  Zergling x4  
  59  5:37  Zergling x2  
  59  5:39  Queen  
  60  5:44  Zergling x2  
  59  5:54  Drone x4  
  59  5:55  Zergling x2  
  61  5:59  Zergling x2  
  60  6:04  Zergling x2  
  60  6:05  Roach Warren, Zergling x2  
Show
View Real Time Build Order
Export as new Build Order

liquidthermy Terran - Winner!

Build Orders: Reaper Expand, Hellion Banshee 

Get SALT Encoding   

  12  0:01  SCV  
  13  0:13  SCV  
  14  0:17  Supply Depot  
  14  0:25  SCV  
  15  0:38  SCV  
  15  0:40  Barracks  
  16  0:44  Refinery  
  16  0:50  SCV  
  17  1:02  SCV  
  18  1:15  SCV  
  19  1:27  Reaper, Orbital Command  
  20  1:40  Command Center  
  20  1:48  Supply Depot  
  20  1:53  SCV  
  21  1:59  Marine  
  22  2:05  SCV  
  22  2:08  Factory  
  23  2:12  Refinery  
  23  2:17  SCV  
  23  2:20  Barracks Reactor  
  24  2:29  SCV  
  25  2:41  SCV  
  26  2:51  Starport  
  26  2:52  Orbital Command  
  26  2:53  SCV  
  27  3:01  Hellion x2  
  27  3:02  Barracks Tech Lab  
  31  3:07  Supply Depot  
  31  3:10  SCV  
  32  3:18  SCV  
  33  3:22  Hellion x2, SCV  
  38  3:31  SCV  
  38  3:33  Cloaking Field  
  38  3:34  Banshee  
  39  3:35  SCV  
  43  3:43  SCV  
  43  3:46  Supply Depot  
  43  3:47  Hellion, SCV  
  47  3:50  Hellion  
  47  3:55  SCV  
  50  3:57  Armory  
  50  4:02  SCV  
  51  4:07  SCV  
  52  4:10  Supply Depot, Hellion  
  52  4:11  Hellion  
  52  4:16  SCV  
  57  4:19  Banshee, SCV  
  61  4:33  Command Center  
  61  4:35  SCV x2  
  63  4:39  Hellion  
  63  4:41  Hellion  
  67  4:45  Supply Depot  
  67  4:48  SCV  
  68  4:58  Barracks Tech Lab  
  68  5:00  Factory, SCV  
  68  5:02  Factory  
  69  5:07  Hellion x2  
  72  5:18  SCV  
  72  5:19  Refinery x2  
  73  5:22  Supply Depot  
  73  5:33  Hellion, SCV  
  67  5:36  SCV  
  66  5:45  SCV  
  66  5:47  Barracks Tech Lab  
  66  5:49  SCV  
  67  6:02  SCV  
  70  6:05  SCV  
  73  6:20  Refinery x2  
Tags
 
Add a new tag
Caveats
  • Supply blocks, unpowered buildings, or Contaminate may cause inaccurate times.
  • Supply counts are checked every 10 seconds.